 Dungeon Crawl Stone Soup version 0.29-a0-834-g1e95ca9f62 (webtiles) character file.

Game seed: 7019282566635435668

1 scionoferis the Grasshopper (level 1, -1/19 HPs)
             Began as a Naga Warper on July 13, 2022.
             Slain by a ball python (2 damage)
             ... on level 1 of the Dungeon.
             The game lasted 00:00:26 (24 turns).

scionoferis the Grasshopper (Naga Warper)             Turns: 24, Time: 00:00:27

Health: -1/19      AC:  1    Str: 13    XL:     1   Next: 20%
Magic:  3/3        EV:  9    Int: 13    God:
Gold:   12         SH:  0    Dex: 10    Spells: 4/4 levels left

rFire   . . .      SeeInvis +   a - +0 short sword
rCold   . . .      Faith    .   (no shield)
rNeg    . . .      Spirit   .   b - +0 leather armour
rPois   +          Reflect  .   (no helmet)
rElec   .          Harm     .   (no cloak)
rCorr   .          Rampage  .   (no gloves)
Will    .....                   (no barding)
Stlth   +.........              (no amulet)
HPRegen 0.06/turn               (no ring)
MPRegen 0.08/turn               (no ring)

@: very slow
A: AC +0, large, see invisible, deformed body, poison resistance, slowness 2,
spit poison 1, naga tail 1
a: Spit Poison


You were on level 1 of the Dungeon.
You visited 1 branch of the dungeon, and saw 1 of its levels.

You collected 12 gold pieces.

Inventory:

Hand Weapons
 a - a +0 short sword (weapon)
Missiles
 d - 7 boomerangs of dispersal (quivered)
Armour
 b - a +0 leather armour (worn)
Scrolls
 c - a scroll of blinking


   Skills:
 - Level 2.0 Fighting
 * Level 2.0 Short Blades
 - Level 0.8 Throwing
 + Level 0.7 Armour
 - Level 1.5 Dodging
 + Level 2.0 Spellcasting
 + Level 3.0 Translocations


You had 4 spell levels left.
You didn't know any spells.
Your spell library contained the following spells:

 Spells                   Type           Power      Damage    Failure   Level
 Blink                    Tloc           18%        N/A       14%         2
 Gell's Gravitas          Tloc           9%         N/A       28%         3
 Lesser Beckoning         Tloc           9%         N/A       28%         3
 Teleport Other           Tloc           9%         N/A       28%         3
 Manifold Assault         Tloc           9%         N/A       95%         5


Dungeon Overview and Level Annotations

Branches:
Dungeon (1/15)

Altars:


Innate Abilities, Weirdness & Mutations

Your serpentine skin is tough. (AC +0)
You have supernaturally acute eyesight. (SInv)
Armour fits poorly on your strangely shaped body.
Your system is resistant to poisons. (rPois)
You cover ground very slowly.
You can spit poison.
You have a snake-like lower body.


Message History

Welcome, scionoferis the Naga Warper.
Are you destined to find the fantabulous Orb of Zot, or to die trying?
Press ? for a list of commands and other information.
Found 12 gold pieces.
Found a staircase leading out of the dungeon.
You now have 12 gold pieces.
You open the door.
There is an open door here.
A ball python and a quokka come into view.
Found a stone staircase leading down.
The ball python hisses angrily.
The quokka barely misses you.
You closely miss the quokka. The quokka bites you.
You closely miss the quokka. You punch the quokka.
The quokka is almost dead.
The quokka bites you.
You hit the quokka but do no damage.
The quokka is almost dead.
The quokka bites you. The quokka attacks as you move away!
The quokka bites you.
* * * LOW HITPOINT WARNING * * *
The ball python attacks as you move away!
The ball python bites you.
* * * LOW HITPOINT WARNING * * *
The quokka bites you.
* * * LOW HITPOINT WARNING * * *
You aren't carrying any potions.
You hit the quokka.
You kill the quokka!
You closely miss the ball python. The ball python closely misses you. x2
You hit the ball python.
The ball python is moderately wounded.
The ball python bites you.
You die...

#.#.## # #. 8.#.8#
#.#. ##.#.## #.#.#
######8...8# ....
#8#8#8#...#8 ####..#
###........... >......
#.'.###...<...
#.!.#####.#...........
#...S@....#8#8#8#...#8
#.#.############8...8#
#. ##.#.## #. 8.#.8#
.. #.#.## ## 8. .8


You could see a ball python.

Vanquished Creatures
  A quokka (D:1)
1 creature vanquished.

Notes
Turn   | Place    | Note
-------+----------+-------------------------------------------
     0 | D:1      | scionoferis the Naga Warper began the quest for the Orb.
     0 | D:1      | Reached XP level 1. HP: 19/19 MP: 3/3
    24 | D:1      | Slain by a ball python

Illustrated notes

Levels and vault maps discovered:
D:1:      heliophobic_arrival_ceremonial_halls, layout_loops_ring,
          roderic_serpentine_path, minmay_worlds_worst_comb

Action                   || total
-------------------------++-------
Melee: Short sword       ||     6
       Punch             ||     1
Dodge: Dodged            ||     3

Table legend: (Time is in decaauts)
 A = Elapsed time spent in this place.
 B = Non-inter-level travel time spent in this place.
 C = Inter-level travel time spent in this place.
 D = Time resting spent in this place.
 E = Time spent auto-exploring this place.
 F = Levels seen in this place.
 G = Mean time per level.
                   A        B        C        D        E       F      G
               +--------+--------+--------+--------+--------+-----+--------+
         Total |     30 |     30 |      0 |      0 |     21 |   1 |   30.0 |
       Dungeon |     30 |     30 |      0 |      0 |     21 |   1 |   30.0 |
               +--------+--------+--------+--------+--------+-----+--------+

Top non-repeatable levels by time:
     D:1: 30 daAuts
